AoeStats
← AiM | Facu1414

Nomad

507191820Analyzed
4v4 RM · 15d ago on Sep 17, 2026· 27m 19s· 8 players
Game mode
Random Map
Map size
231×231
Population
200
Speed
Normal
Resources
Standard
Victory
Conquest
Starting age
Dark Age
Ending age
Imperial Age
RankedLock teamsTeams togetherTeam positionsShared explorationLock speedFull tech treeHidden civsTurbo modeCheats
Victory
Defeat
🇺🇸 Sicilians · United States
1962
+3
🇸🇮 Hindustanis · Slovenia
1961
+3
🇺🇸 Britons · United States
1916
+3
🇺🇸 Spanish · United States
1852
+4
🇦🇷 Poles · Argentina
1583
-4
🇲🇽 Vietnamese · Mexico
1533
-3
🇨🇱 Spanish · Chile
1532
-3
🇦🇷 Dravidians · Argentina
1507
-3
Aleko
12:36 Feudal Age
13:04 Double-Bit Axe
18:37 Castle Age
16:56 Gold Mining
17:56 Stone Mining
18:02 Fishing Lines
18:45 Loom
18:56 Town Watch
20:20 Town Watch
20:54 Bow Saw
23:49 Horse Collar
25:42 Fletching
26:47 Bodkin Arrow
Eli
15:29 Feudal Age
16:17 Town Watch
19:13 Castle Age
17:25 Double-Bit Axe
18:05 Gold Mining
18:25 Fishing Lines
22:09 Sanctity
22:15 Bloodlines
23:09 Gillnets
23:37 Fervor
25:06 Redemption
Dovecar
14:00 Feudal Age
17:41 Castle Age
16:02 Double-Bit Axe
16:31 Fishing Lines
18:53 Medium Warships
19:01 Bow Saw
19:25 Forging
19:20 Gillnets
21:26 Iron Casting
22:58 Stone Mining
23:00 Gold Mining
23:25 Horse Collar
25:43 Wheelbarrow
29:50 Imperial Age
Bel
10:15 Loom
12:22 Feudal Age
16:28 Fletching
18:36 Town Watch
21:53 Castle Age
22:33 Scale Mail Armor
23:27 Wheelbarrow
23:47 Horse Collar
AiM | PoRRo
4:27 Loom
13:18 Feudal Age
17:21 Castle Age
AiM | Facu1414
5:33 Loom
14:41 Feudal Age
18:21 Castle Age
16:21 Double-Bit Axe
17:46 Fletching
19:26 Medium Warships
19:27 Bodkin Arrow
20:04 Forging
22:52 Iron Casting
22:40 Clinker Construction
24:07 Horse Collar
24:25 Fishing Lines
25:30 Gillnets
26:58 Padded Archer Armor
27:15 Thumb Ring
AIM | Agua cate 98
6:13 Loom
14:16 Feudal Age
15:19 Double-Bit Axe
19:03 Wheelbarrow
19:33 Forging
22:56 Castle Age
22:43 Bloodlines
22:31 Town Watch
22:40 Horse Collar
27:16 Fletching
AiM | Fubuki Sinri
8:51 Loom
12:39 Feudal Age
14:03 Fletching
15:22 Fishing Lines
20:35 Double-Bit Axe
20:31 Horse Collar
23:44 Town Watch
26:00 Castle Age
24:41 Padded Archer Armor
25:50 Gold Mining
26:06 Elite Skirmisher
26:25 Crossbowman
27:07 Bodkin Arrow
Connection lost

Rejoining the realm…

Still unreachable

The connection could not be restored.

Session expired

The server has moved on; the page needs a fresh start.